Cogmind - Beta 13 @@@ ROGUE MODE // 2024.06.12 @ 15:33:06 Player: Some Pennies Result: Destroyed by 8L-26U(R) with Subdweller Beam Cannon Performance ------------- Evolutions (0) 0 Regions Visited (2) 400 Robots Destroyed (38) 190 Value Destroyed (879) 879 Prototype IDs (0) 0 Alien Tech Used (0) 0 Bonus (24) 24 TOTAL SCORE: 1493 Bonus ------- High Alert Combat Kills 24 Cogmind --------- Core Integrity 0/250 Matter 262/300 Energy 226/250 System Corruption 6% Temperature Cool (9) Movement Treading (160) Location -10/Subcaves Parts ------- > --- POWER (1) -------- Ion Engine > --- PROPULSION (2) --- Light Treads Light Treads > --- UTILITY (2) ------ Scrap Shield (fused) > --- WEAPON (2) ------- Beam Cannon Beam Cannon > --- INVENTORY (5) ---- Light Treads Light Treads Large Storage Unit Datajack Mining Laser Peak State ------------ > --- POWER ------------ Ion Engine > --- PROPULSION ------- Light Treads Light Treads > --- UTILITY ---------- Improved Heat Sink Large Storage Unit > --- WEAPON ----------- Beam Cannon Beam Cannon > --- INVENTORY -------- Ion Engine Light Treads Light Treads Heat Sink Improved Heat Sink Structural Scanner Scrap Shield Hacking Suite Hacking Suite Light Assault Rifle Light Assault Rifle Datajack Mining Laser [Rating: 11] Favorites ----------- Power Ion Engine Engine Ion Engine Propulsion Light Treads Treads Light Treads Wheel Compact Wheel Utility Improved Heat Sink Device Improved Heat Sink Storage Medium Storage Unit Processor Transport Network Coupler Protection Scrap Shield Weapon Beam Cannon Energy Cannon Beam Cannon Ballistic Gun Light Assault Rifle Build | -11 -10 -10 ------- Run | Yrd Mat Sub Slots Evolved . | . . . Power . | . . . Propulsion . | . . . Utility . | . . . Weapon . | . . . Parts Attached 25 | 7 17 1 Power 3 | 1 2 . Engine 3 | 1 2 . Core . | . . . Reactor . | . . . Propulsion 6 | 2 4 . Treads 5 | 1 4 . Leg . | . . . Wheel 1 | 1 . . Hover . | . . . Flight . | . . . Utility 8 | 2 5 1 Device 3 | 1 2 . Storage 3 | 1 2 . Processor 1 | . 1 . Hackware . | . . . Protection 1 | . . 1 Artifact . | . . . Weapon 8 | 2 6 . Energy Gun . | . . . Energy Cannon 4 | . 4 . Ballistic Gun 4 | 2 2 . Ballistic Cannon . | . . . Launcher . | . . . Special Weapon . | . . . Impact Weapon . | . . . Slashing Weapon . | . . . Piercing Weapon . | . . . Special Melee Weapon . | . . . Unidentified Prototypes . | . . . Parts Lost 2 | . 2 . Power 1 | . 1 . Propulsion 1 | . 1 . Utility . | . . . Weapon . | . . . Highest Loss Streak 2 | . 2 . To Critical Strikes . | . . . Average Slot Usage (%) 97 | . 99 85 Engine 13 | . 13 14 Treads 27 | . 27 28 Device 12 | . 13 . Storage 12 | . 14 . Protection 1 | . . 12 Energy Cannon 21 | . 20 28 Ballistic Gun 6 | . 7 . Naked Turns . | . . . Heaviest Build 32 | 13 32 29 Greatest Support 40 | 16 40 40 Greatest Overweight (x) . | . . . Average Overweight (x) . | . . . Largest Inventory Capacity 15 | 8 15 15 Average Capacity 11 | 7 12 5 Most Carried 15 | 6 15 14 Average Carried 10 | 3 11 5 Final Capacity 15 | 8 15 5 Final Carried 15 | 5 15 5 Class Distribution -------------------- 100% | Mutant Dominant Class ---------------- Mutant | -10/Materials Mutant | -10/Subcaves Resources | -11 -10 -10 ----------- Run | Yrd Mat Sub Matter Collected 683 | 306 377 . Remotely . | . . . Salvage Created 1412 | 113 1299 . Parts 81 | 10 71 . Haulers Intercepted 2 | . 2 . Recyclers Shooed 3 | . 3 . Parts Field Recycled . | . . . Retrieved Matter . | . . . Parts Self-Destructed 6 | . . 6 Prevented . | . . . Kills | -11 -10 -10 ------- Run | Yrd Mat Sub Combat Hostiles Destroyed 23 | . 23 . Guns 11 | . 11 . Cannons 12 | . 12 . Classes Destroyed 8 | 2 6 . Worker 3 | . 3 . Tunneler 3 | 3 . . Hauler 2 | . 2 . Recycler 3 | 1 2 . Operator 3 | . 3 . Watcher 1 | . 1 . Swarmer 3 | . 3 . Grunt 20 | . 20 . Best Kill Streak 3 | 2 3 . Combat Bots Only 3 | . 3 . Max Kills in Single Turn 2 | 1 2 . Gunslinging . | . . . Exploded . | . . . Melee . | . . . Uniques/NPCs Destroyed . | . . . Combat | -11 -10 -10 -------- Run | Yrd Mat Sub Hostile Shots Fired 118 | . 115 3 Missed 40 | . 39 1 Damage Taken 867 | . 811 56 Core 257 | . 229 28 Absorbed by Shields . | . . . Regen/Repaired (Parts) 235 | . 235 . Core Remaining (%) 100 | 100 . . Volleys Fired 129 | 18 109 2 Largest 2 | 2 2 2 Hottest 120 | 40 120 120 Shots Fired 260 | 36 220 4 Gun 170 | 36 134 . Cannon 90 | . 86 4 Launcher . | . . . Special . | . . . Kinetic 170 | 36 134 . Thermal 90 | . 86 4 Explosive . | . . . Electromagnetic . | . . . Robot Hit Streak 10 | 4 10 2 Robot Miss Streak 5 | 2 5 1 Penetration Max . | . . . Secondary Targets 2 | . 2 . Max Gunslinging Chain 1 | . 1 . Shots Hit Robots 152 | 23 126 3 Core Hits 64 | 7 56 1 Critical Kills . | . . . Critical Parts Destroyed . | . . . Critical Strikes . | . . . Melee Attacks . | . . . Impact . | . . . Slashing . | . . . Piercing . | . . . Sneak Attacks . | . . . Combat Hostiles . | . . . Follow-up Attacks . | . . . Damage Inflicted 1800 | 200 1546 54 Guns 864 | 200 664 . Cannons 936 | . 882 54 Explosions . | . . . Melee . | . . . Ramming . | . . . Kinetic 864 | 200 664 . Thermal 936 | . 882 54 Explosive . | . . . Electromagnetic . | . . . Impact . | . . . Slashing . | . . . Piercing . | . . . Highest Corruption 6 | . 6 6 Average Corruption 4 | . 4 6 Corruption Purged . | . . . Corruption Blocked . | . . . Effects 55 | . 47 8 Message Errors 15 | . 13 2 Matter Fused 16 | . 12 4 Heat Flow Errors 5 | . 5 . Energy Discharges 3 | . 2 1 Parts Rejected 2 | . 2 . Parts Fused 1 | . . 1 Data Loss (minor) 3 | . 3 . Data Loss (major) 2 | . 2 . Misfires 4 | . 4 . Alerts 2 | . 2 . Weapon Failures 2 | . 2 . Overload Shots . | . . . Overflow Damage 35 | . 35 . Projectiles 35 | . 35 . Explosions . | . . . Melee . | . . . Knockbacks . | . . . Impact . | . . . Kinetic . | . . . Secondary . | . . . Self-Inflicted Damage . | . . . Shots . | . . . Rammed . | . . . Targets Rammed . | . . . Kicked . | . . . Crushed . | . . . Highest Temperature 246 | . 246 9 Average Temperature 60 | . 60 9 Received Heat Transfer 306 | . 288 18 Siege Activations . | . . . Robots Corrupted . | . . . Combat Hostiles . | . . . Parts Fried . | . . . Impact Corruptions . | . . . Robots Melted . | . . . Combat Hostiles . | . . . Parts Melted 3 | . 3 . Heat Transferred 1924 | . 1813 111 Parts Sabotaged . | . . . Parts Stolen . | . . . Parts Stripped . | . . . Power Chain Reactions . | . . . Alert | -11 -10 -10 ------- Run | Yrd Mat Sub Peak Influence 450 | 20 450 . Initial 13 | . 13 . Average 253 | 9 268 . Maximum Alert Level 2 | . 2 . Low Security (%) 28 | 100 23 . Level 1 70 | . 75 . Level 2 1 | . 1 . Level 3 . | . . . Level 4 . | . . . Level 5 . | . . . High Security . | . . . Max Security . | . . . Squads Dispatched 6 | . 6 . Investigation 4 | . 4 . Extermination . | . . . Reinforcement 2 | . 2 . Assault . | . . . Garrison . | . . . Intercept . | . . . Searches Triggered . | . . . Construction Impeded . | . . . Haulers Reinforced . | . . . Active Scanning Responses . | . . . Cargo Convoy Interrupts . | . . . Stealth | -11 -10 -10 --------- Run | Yrd Mat Sub Distress Signals . | . . . Communications Jammed . | . . . Distress Signals . | . . . Times Spotted 38 | . 37 1 Peak Tracking Total 4 | . 4 1 Tactical Retreats 3 | . 3 . Traps | -11 -10 -10 ------- Run | Yrd Mat Sub Traps Triggered 4 | . 4 . Indirectly . | . . . Trap Hack Attempts . | . . . Triggered . | . . . Disarmed . | . . . Reprogrammed . | . . . Reused . | . . . Traps Extracted . | . . . Installed . | . . . Triggered . | . . . Machines | -11 -10 -10 ---------- Run | Yrd Mat Sub Machines Disabled 2 | . 2 . Max in Single Turn 1 | . 1 . Machines Repaired . | . . . Machines Dismantled . | . . . Machines Sabotaged . | . . . Overloaded Fab Kills . | . . . Hacking | -11 -10 -10 --------- Run | Yrd Mat Sub Machines Accessed 9 | . 9 . Terminals 6 | . 6 . Fabricators . | . . . Repair Stations 1 | . 1 . Recycling Units 2 | . 2 . Scanalyzers . | . . . Garrison Access . | . . . Total Hacks 32 | . 32 . Successful 12 | . 12 . Failed 20 | . 20 . Catastrophic 3 | . 3 . Database Lockouts . | . . . Manual 5 | . 5 . Terminals 22 | . 22 . Fabricators . | . . . Repair Stations 4 | . 4 . Recycling Units 6 | . 6 . Scanalyzers . | . . . Garrison Access . | . . . Terminal Hacks 6 | . 6 . Robot Analysis 3 | . 3 . Locate Traps 1 | . 1 . Zone Layout 2 | . 2 . Fabricator Hacks . | . . . Repair Station Hacks 4 | . 4 . Scan Component 2 | . 2 . Repair 2 | . 2 . Recycling Unit Hacks 1 | . 1 . Retrieve Components 1 | . 1 . Scanalyzer . | . . . Garrison Access Hacks . | . . . Unauthorized Hacks 1 | . 1 . Terminals . | . . . Fabricators . | . . . Repair Stations . | . . . Recycling Units 1 | . 1 . Tunnel 1 | . 1 . Scanalyzers . | . . . Garrison Access . | . . . Data Cores Recovered . | . . . Used . | . . . Hacking Detections 9 | . 9 . Full Trace Events 8 | . 8 . Feedback Events . | . . . Feedback Blocked . | . . . Robot Schematics Acquired . | . . . Robots Built . | . . . Authchips . | . . . Time . | . . . Total Robot Build Rating . | . . . Part Schematics Acquired . | . . . Parts Built . | . . . Authchips . | . . . Time . | . . . Total Part Build Rating . | . . . Parts Repaired 2 | . 2 . Time 52 | . 52 . Parts Recycled . | . . . Recycled Matter . | . . . Retrieved Matter . | . . . Retrieved Components 9 | . 9 . Parts Scanalyzed . | . . . Part Schematics Acquired . | . . . Parts Damaged . | . . . Bothacking | -11 -10 -10 ------------ Run | Yrd Mat Sub Used RIF Installer . | . . . Robots Hacked . | . . . Non-combat . | . . . Combat . | . . . Robot Hacks Applied . | . . . Relay Couplers Released . | . . . Fabnet Peak Effective % . | . . . Robots Rewired . | . . . Allies Hacked . | . . . Hacks Repelled . | . . . Allies | -11 -10 -10 -------- Run | Yrd Mat Sub Total Allies . | . . . Largest Group . | . . . Highest-Rated Group . | . . . Highest-Rated Ally . | . . . Total Orders . | . . . Ally Attacks . | . . . Total Damage . | . . . Kills . | . . . Allies Corrupted . | . . . Allies Melted . | . . . Intel | -11 -10 -10 ------- Run | Yrd Mat Sub Robot Analysis Total 3 | . 3 . Derelict Logs Recovered . | . . . Drone Launches . | . . . Drone Recoveries . | . . . Exploration | -11 -10 -10 ------------- Run | Yrd Mat Sub Turns Passed 2759 | 151 2367 241 Spaces Moved 1383 | 88 1154 141 Core 4 | 4 . . Treads 1269 | . 1128 141 Legs . | . . . Wheels 110 | 84 26 . Hover . | . . . Flight . | . . . Fastest Speed 50 | 50 100 160 Average Speed 154 | 97 158 160 Slowest Speed 160 | 100 160 160 Overloaded Moves . | . . . Propulsion Burnouts . | . . . Robots Hopped . | . . . Cave-ins Triggered . | . . . Exploration Rate (%) 40 | 6 100 15 Regions Visited 2 Branch Regions 1 Pre-discovered Areas 1 | . 1 . Known Exits Taken . | . . . Unknown Exits Taken 2 | 1 1 . Scrap Searched . | . . . Spaces Dug . | . . . Terrain Destroyed . | . . . Melee . | . . . Projectile . | . . . AOE . | . . . Terrain Rammed . | . . . Walls Destroyed . | . . . Machines Disabled . | . . . Actions | -11 -10 -10 --------- Run | Yrd Mat Sub Total 1785 | 124 1501 160 Wait 191 | . 189 2 Move 1381 | 87 1153 141 Hop . | . . . Pick Up 34 | 12 21 1 Fast Attach 5 | . 4 1 Attach 11 | 7 4 . Detach . | . . . Swap 9 | . 9 . Drop 24 | . 12 12 Fire 129 | 18 109 2 Melee . | . . . Ram . | . . . Kick . | . . . Crush . | . . . Escape Stasis . | . . . Rewire . | . . . Trap . | . . . Miscellaneous 1 | . . 1 Route ------- -11/Scrapyard -10/Materials (discovered 6 exits: [*Mat x3] / [*Min x2] / [*Sub]) -10/Subcaves History --------- Turn | Location | Event 18 | -11/Scrapyard | Discovered new exit (range 16) 152 | -11/Scrapyard | Entered Materials 161 | -10/Materials | Discovered new exit (range 15) 316 | -10/Materials | Build established: Mutant 622 | -10/Materials | Discovered new exit (range 3) 864 | -10/Materials | Core integrity fell below 50% 1033 | -10/Materials | Discovered new exit (range 7) 1131 | -10/Materials | Discovered new exit (range 9) 1452 | -10/Materials | Derelicts attacked the area 1724 | -10/Materials | Core integrity fell below 20% 1870 | -10/Materials | Repaired Lgt. Treads 1897 | -10/Materials | Repaired Lgt. Treads 2471 | -10/Materials | Discovered new exit (range 7) 2508 | -10/Materials | Discovered new exit (range 4) 2519 | -10/Materials | Entered Subcaves 2760 | -10/Subcaves | Destroyed by 8L-26U(R) with Subdweller Beam Cannon Last Messages --------------- 02524_ Dropped Lrg. Storage Unit. 02524_ Dropped Imp. Heat Sink. 02530_ Acquired Scrap Shield. 02531_ Subatomizers dissect the Hacking Suite. 02538_ L:HF3X3BUDFZ:J UV,TB 02538_ Dropped Imp. Heat Sink. 02538_ Acquired Lrg. Storage Unit. 02541_ Scrap Shield Fragment affixed to Scrap Shield (+23). 02545_ Subatomizers dissect the Hacking Suite. 02570_ 1E-IIF(u) builds Twisted Machinery. 02598_ System corrupted: Matter fused (-6). 02630_ System corrupted: Matter fused (-9). 02655_ GWJGHKJULU0T KZEEQMPZM9FL 02677_ System corrupted: Matter fused (-7). 02694_ System corrupted: Matter fused (-6). 02734_ System corrupted: Energy discharge (-75). 02750_ System corrupted: Scrap Shield fused. 02759_ 8L-26U(R) affixes Scrap Shield Fragment to Scrap Shield. Map ----- +----------------------------------------------------+ | ?????????????????????????????????????????????????? | | ?????????????????????????????????????????????????? | | ?????????????????????????????????????????????????? | | ?????????????????????????????????????????????????? | | ?????????????????????????????????????????????????? | | ?????????????????????????????????????????????????? | | ?????????????????????????????????????????????????? | | ?????????????????????????????????????????????????? | | ?????????????????????????????????????????????????? | | ?????????????????????????????????????????????????? | | ?????????????????????????????????????????????????? | | ?????????????????????????????????????????????????? | | ?????????????????????? #????????????????????????? | | ?????????????????????? #???????????????????????? | | ?????????????????????? ##?????????????????????? | | ?????????????????????? ##???##???????????????? | | ??????????????????????? #?? #???????????????? | | ??????????????????????? #?? #???????????????? | | ??????????????????????? ### #???????????????? | | ???????????????????????? #???????????????? | | ???????????????????????? ##??????????????? | | ????????????????????????# ##?????????????? | | ???????????????????????## ## ?????????? | | ??????????????????#??### ????????? | | ??????????????????#$ #$#< ????????????? | | ???????????????????# R @ #????? ????????? | | ??????????????????#$ <##< ##??? ????????? | | ??????????????????????# ### ???????? | | ??????????????????????#### #????????? | | ???????????????????????## #????????? | | ?????????????????????### ### #???????? | | ????????????????????## ##??? ???????? | | ????????????????????# ##????? ????????? | | ????????????????????# ###???????### ????????? | | ???????????????????## #????????????? ????????? | | ??????????????????## ##????????????????????????? | | ?????????????????## #?????????????????????????? | | ?????????????????# #?????????????????????????? | | ?????????????????## ##????????????????????????? | | ?????????#######??# ##???????????????????????? | | ?????????# #?## #???????????????????????? | | ??????????# ### #???????????????????????? | | ??????????# ## ##???????????????????????? | | ????????### ## ##????????????????????????? | | ????????# ### #?????????????????????????? | | ????????# ### ##?????????????????????????? | | ????????# #?# ##?????????????????????????? | | ????????## ##?## ##????????????????????????? | | ?????????# ##??# #????????????????????????? | | ????????## #??# #????????????????????????? | +----------------------------------------------------+ Best States ------------- Heat Dissipation 39 Energy Generation 10 Energy Capacity 250 Matter Stores 300 Matter Capacity 300 Sight Range 16 Terrain Scan Density 10 Armor Coverage 800 Evasion (%) 40 Recoil Reduction 2 Item Schematics ----------------- None Robot Schematics ------------------ None Fabricated ------------ Nothing Alien Tech Used ----------------- None Achievements -------------- None Challenges ------------ None Game ------ Seed PotentialBiocellPropulsion Manual? 0 Play Time 00:17:11 Cumulative 152.5 hours Start 2024.06.12 @ 15:15:53 End 2024.06.12 @ 15:33:06 Sessions 1 Manual Loads 0 Difficulty Rogue Special Mode None Game No. 126 Rogue 121 Adventurer 5 Explorer 0 Win Type - Total 3 Types 2/0/1/0/0/0/0/0/0 Lore% 63 Gallery% 75 Achievement% 53 Wizard Run 0 Options --------- Layout 2 ASCII 0 Keyboard 0 Movement Mouse Keybinds 0 Fullscreen 2 Font 24/Smallcaps Map View 50x44 Zoom Use 0% Tactical HUD 1 Map Filters NONE Filters NONE Steam 1 RUN: fd8d756d-08de-4067-af4b-7d4b8dd213ac